 Dungeon Crawl Stone Soup version 0.27-a0-1557-g57f10a385c (webtiles) character file.

Game seed: 1353441351636880534

2892 Spaninq the Covert (level 9, -5/39 HPs)
             Began as a Spriggan Enchanter on July 15, 2021.
             Was a Believer of Dithmenos.
             Slain by a hornet (12 damage)
             ... on level 7 of the Dungeon.
             The game lasted 00:49:50 (10107 turns).

Spaninq the Covert (Spriggan Enchanter)            Turns: 10107, Time: 00:49:51

Health: -5/39      AC:  8    Str:  4    XL:     9   Next: 48%
Magic:  8/20       EV: 22    Int: 16    God:    Dithmenos [**....]
Gold:   454        SH:  0    Dex: 19    Spells: 16/21 levels left

rFire    + . .     SeeInvis +   a - +1 dagger
rCold    + . .     Faith    .   (shield restricted)
rNeg     . . .     Spirit   .   r - +2 robe {rC+}
rPois    +         Reflect  .   c - +2 hat of Uskayaw's Supremacy {rPois rF+ Regen+}
rElec    .         Harm     .   h - +1 cloak
rCorr    .         Rampage  .   (gloves unavailable)
Will     .....                  (boots unavailable)
Stlth    +++++++...             q - amulet of magic regeneration
HPRegen  1.13/turn              (no ring)
MPRegen  0.42/turn              (no ring)

@: confusing by touch, weak-willed, wreathed by umbra, very quick
A: very small, no large weapons, unfitting armour, see invisible, speed 3
a: Renounce Religion, Shadow Step


You were on level 7 of the Dungeon.
You worshipped Dithmenos.
Dithmenos was pleased with you.
You visited 2 branches of the dungeon, and saw 8 of its levels.

You collected 454 gold pieces.

Inventory:

Hand Weapons
 a - a +1 dagger (weapon)
 s - a +0 shortbow
Missiles
 t - 161 arrows
Armour
 c - the +2 hat of Uskayaw's Supremacy (worn) {rPois rF+ Regen+}
   (You acquired it on level 6 of the Dungeon)

   rF:        It protects you from fire.
   rPois:     It protects you from poison.
   Regen:     It increases your rate of health regeneration.
 e - a scarf of repulsion
 h - a +1 cloak (worn)
 r - a +2 robe of cold resistance (worn)
Jewellery
 b - the amulet of Moderation {rElec rPois rC+++ Regen+ Dex-3}
   (You acquired it on level 6 of the Dungeon)

   [amulet of regeneration]

   Dex:       It affects your dexterity (-3).
   rC:        It renders you almost immune to cold.
   rElec:     It insulates you from electricity.
   rPois:     It protects you from poison.
   Regen:     It increases your rate of health regeneration.
 o - a ring of positive energy
 q - an amulet of magic regeneration (around neck)
Scrolls
 g - a scroll of noise {unknown}
 i - 2 scrolls of fog
 k - a scroll of enchant armour
 p - a scroll of identify
Potions
 d - a potion of magic
 f - 2 potions of might
 j - 2 potions of heal wounds
 l - 2 potions of curing
 m - 2 potions of brilliance


   Skills:
 + Level 5.7 Short Blades
 + Level 7.6 Dodging
 * Level 12.6 Stealth
 + Level 6.8 Spellcasting
 + Level 7.2 Hexes


You had 16 spell levels left.
You knew the following spells:

 Your Spells              Type           Power      Damage    Failure   Level
b - Ensorcelled Hibernat  Hex/Ice        32%        N/A       4%          2
c - Confusing Touch       Hex            28%        N/A       1%          3

Your spell library contained the following spells:

 Spells                   Type           Power      Damage    Failure   Level
 Corona                   Hex            31%        N/A       1%          1
 Tukima's Dance           Hex            28%        N/A       1%          3
 Dazzling Flash           Conj/Hex       32%        N/A       9%          3
 Blink                    Tloc           N/A        N/A       19%         2
 Ozocubu's Armour         Ice            5%         N/A       36%         3
 Manifold Assault         Tloc           5%         N/A       98%         5
 Ozocubu's Refrigeration  Ice            2%         4d5       100%        7
 Storm Form               Tmut/Air       2%         N/A       100%        7


Dungeon Overview and Level Annotations

Branches:
Dungeon (7/15)             Temple (1/1) D:4

Altars:
Ashenzari
Dithmenos
Kikubaaqudgha
Makhleb
Nemelex Xobeh
Qazlal
Trog
Uskayaw
Wu Jian
The Shining One

Annotations:
D:7 1 runed translucent door


Innate Abilities, Weirdness & Mutations

You are very small and have problems with some larger weapons.
You are too small for most types of armour.
You have supernaturally acute eyesight. (SInv)
You cover ground extremely quickly. (Speed+++)


Message History

The hornet misses you.
You feel yourself speed up.
Casting: Ensorcelled Hibernation (safe; 4% risk of failure)
Confirm with . or Enter, or press ? or * to list all spells.
Your hands begin to glow red.
You barely miss the necrophage.
The necrophage is lightly damaged.
The necrophage misses you.
You hit the necrophage but do no damage.
The necrophage appears confused.
The necrophage is lightly damaged.
The necrophage completely misses you.
You hit the necrophage but do no damage.
The necrophage is lightly damaged.
The centaur zombie seems less confused.
Casting: Confusing Touch (safe; 1% risk of failure)
Confirm with . or Enter, or press ? or * to list all spells.
Your hands begin to glow red.
The hornet completely misses you.
You hit the hornet but do no damage.
The hornet is lightly wounded.
The hornet stings you.
You hit the hornet but do no damage.
The hornet is lightly wounded.
The hornet stings you but does no damage.
The necrophage closely misses the hornet.
You barely miss the hornet.
The hornet is lightly wounded.
The hornet stings you!
You hit the hornet but do no damage.
The hornet is lightly wounded.
The hornet stings you!
The necrophage hits the centaur zombie.
The necrophage hits itself.
You closely miss the hornet.
The hornet is lightly wounded.
The hornet stings you!
* * * LOW HITPOINT WARNING * * *
As you read the scroll labelled JAPLUHIORI, it crumbles to dust.
Magic quickly surges around you.
It was a scroll of vulnerability.
The hornet stings you!
You die...

#####.#.###.#...#.........
#.....#...#.#...#)........
#.#.........#..##.........
######.#.........#..........?.n
............>..................
........####.#...##n##.....=...
........####...5...............
........#......yZ#####.........
........#...##@### #.........
.............).# #.......z.
........##..#### #.........
.........#..# #.........
########...## ...........
#.#### ........... #.<).#
####.#.# #....#.#


You could see a hornet (weak-willed), a necrophage (confused, weak-willed), a
white imp (weak-willed) and a centaur zombie (weak-willed).

Vanquished Creatures
  Pikel (D:6)
  Prince Ribbit (D:5)
  Grinder (D:4)
  Duvessa (D:5)
  A sky beast (D:6)
  An orc warrior (D:6)
  3 ogres
  A centaur (D:7)
  2 phantoms (D:5)
  3 lemures (D:6)
  Blork the orc (D:5)
  A kobold brigand (D:5)
  2 scorpions (D:5)
  Dowan (D:4)
  3 wights (D:7)
  A centaur zombie (D:6)
  2 bullfrog zombies
  3 hounds
  A jelly (D:4)
  Crazy Yiuf (D:2)
  An orc priest (D:6)
  2 bullfrog skeletons (D:5)
  A centaur skeleton (D:6)
  4 iguanas
  2 orc wizards
  A killer bee zombie (D:7)
  Robin (D:4)
  7 gnolls
  11 adders
  An ufetubus (D:4)
  3 worms
  2 dart slugs
  17 orcs
  8 endoplasms
  7 giant cockroaches
  14 goblins
  15 hobgoblins
  17 jackals
  6 quokkas
  6 ball pythons
  2 bats
  4 frilled lizards
  18 kobolds
  4 rats
185 creatures vanquished.

Notes
Turn   | Place    | Note
-------+----------+-------------------------------------------
     0 | D:1      | Spaninq the Spriggan Enchanter began the quest for the Orb.
     0 | D:1      | Reached XP level 1. HP: 9/9 MP: 5/5
   498 | D:1      | Reached skill level 5 in Stealth
   498 | D:1      | Reached XP level 2. HP: 5/13 MP: 6/6
   673 | D:1      | Learned a level 2 spell: Ensorcelled Hibernation
  1833 | D:1      | Reached XP level 3. HP: 16/16 MP: 6/8
  1865 | D:1      | Learned a level 3 spell: Confusing Touch
  2316 | D:2      | Found a faded altar of an unknown god.
  2317 | D:2      | Noticed a great orb of eyes
  2321 | D:2      | Noticed an eye of devastation
  2324 | D:2      | Noticed a golden eye
  2324 | D:2      | Noticed a floating eye
  2734 | D:2      | Reached skill level 6 in Stealth
  2803 | D:2      | Reached XP level 4. HP: 21/21 MP: 9/9
  3245 | D:2      | Found a runed translucent door.
  3246 | D:2      | Noticed Crazy Yiuf
  3328 | D:2      | Killed Crazy Yiuf
  3329 | D:2      | Reached XP level 5. HP: 24/24 MP: 10/10
  4061 | D:3      | Reached skill level 7 in Stealth
  4735 | D:4      | Identified the +2 flail "Plog" {vorpal, rN+}
  4740 | D:4      | Reached XP level 6. HP: 28/28 MP: 8/12
  4956 | D:4      | Noticed Grinder
  5306 | D:4      | Killed Grinder
  5307 | D:4      | Reached skill level 8 in Stealth
  5307 | D:4      | Reached XP level 7. HP: 27/32 MP: 7/14
  5503 | D:4      | Found a staircase to the Ecumenical Temple.
  5513 | Temple   | Entered the Ecumenical Temple
  5520 | Temple   | Became a worshipper of Dithmenos the Shadowed
  6627 | D:4      | Noticed Robin
  6685 | D:4      | Reached skill level 5 in Dodging
  6986 | D:5      | Entered Level 5 of the Dungeon
  6987 | D:5      | Noticed Dowan
  6988 | D:5      | Noticed Duvessa
  7096 | D:4      | Reached skill level 5 in Hexes
  7240 | D:5      | Reached skill level 9 in Stealth
  7254 | D:5      | Killed Duvessa
  7330 | D:4      | HP: 1/32 [Dowan/stone arrow (11)]
  7475 | D:5      | Noticed Blork the orc
  7610 | D:5      | Identified the +6 quarterstaff of the Stork {vorpal, Str+2
                  | SInv}
  7610 | D:5      | Noticed Prince Ribbit
  7613 | D:5      | Killed Prince Ribbit
  7614 | D:5      | Reached skill level 5 in Spellcasting
  7614 | D:5      | Reached XP level 8. HP: 35/36 MP: 16/16
  7639 | D:4      | Killed Dowan
  7639 | D:4      | Reached * piety under Dithmenos
  7640 | D:4      | Reached skill level 10 in Stealth
  7666 | D:4      | Found a staircase to the Ecumenical Temple.
  7720 | D:4      | Killed Robin
  7793 | D:5      | Killed Blork the orc
  8404 | D:5      | Reached skill level 11 in Stealth
  8965 | D:6      | Identified 2 scrolls of acquirement
  8965 | D:6      | Acquired the amulet of Moderation {rElec rPois rC+++ Regen+
                  | Dex-3}
  8988 | D:6      | Acquired the +2 hat of Uskayaw's Supremacy {rPois rF+
                  | Regen+}
  9001 | D:6      | Noticed Pikel
  9015 | D:6      | Killed Pikel
  9016 | D:6      | Reached skill level 5 in Short Blades
  9016 | D:6      | Reached XP level 9. HP: 39/39 MP: 5/19
  9306 | D:6      | Reached skill level 12 in Stealth
  9950 | D:7      | Found a runed translucent door.
  9976 | D:7      | Reached ** piety under Dithmenos
 10107 | D:7      | Slain by a hornet

Illustrated notes

Levels and vault maps discovered:
D:1:      lightli_arrival_chessboard, layout_loops_cross, corexii_corridor_pit
D:2:      layout_loops_ring, hellmonk_ecumenical_altar_watching_god,
          uniq_crazy_yiuf_cottage
D:3:      layout_loops_ring
D:4:      kennysheep_six_static_rooms, layout_layer_cave,
          minmay_temple_entry_offerings, uniq_grinder, uniq_robin
D:5:      layout_cave_pools, amcnicky_mini_corridor_feature,
          corexii_checkpoint_a, uniq_prince_ribbit1, uniq_duvessa,
          uniq_blork_the_orc
D:6:      layout_gridville, uniq_pikel
D:7:      layout_basic, tgw_xom, lightli_church_of_beogh, uniq_menkaure
Temple:   compressed_dpeg_triangle_lava_temple

Skill      XL: |  1  2  3  4  5  6  7  8  9 |
---------------+----------------------------+-----
Dodging        | 3 4 5 7 |  7.6
Stealth        | 5 6 7 8 9 11 12 | 12.6
Short Blades   | 2 3 4 5 |  5.7
Spellcasting   | 3 4 5 6 |  6.8
Hexes          | 4 5 6 7 |  7.2

Action                   |  1- 3 |  4- 6 |  7- 9 || total
-------------------------+-------+-------+-------++-------
Melee: Dagger            |    97 |    70 |   225 ||   392
 Cast: Ensorcelled Hiber |    38 |    54 |   126 ||   218
       Confusing Touch   |       |     1 |    22 ||    23
  Use: Potion            |       |       |     1 ||     1
       Scroll            |       |       |    16 ||    16
 Stab: Sleeping          |    33 |    45 |    65 ||   143
       Distracted        |     4 |       |     1 ||     5
       Confused          |       |     2 |    15 ||    17
Armor: Robe              |     5 |     3 |    18 ||    26
Dodge: Dodged            |    62 |    36 |   180 ||   278

Table legend: (Time is in decaauts)
 A = Elapsed time spent in this place.
 B = Non-inter-level travel time spent in this place.
 C = Inter-level travel time spent in this place.
 D = Time resting spent in this place.
 E = Time spent auto-exploring this place.
 F = Levels seen in this place.
 G = Mean time per level.
                   A        B        C        D        E       F      G
               +--------+--------+--------+--------+--------+-----+--------+
         Total |   7647 |   7183 |    464 |   2674 |   2255 |   8 |  955.9 |
       Dungeon |   7637 |   7173 |    464 |   2674 |   2255 |   7 | 1091.0 |
        Temple |     10 |     10 |      0 |      0 |      0 |   1 |   10.0 |
               +--------+--------+--------+--------+--------+-----+--------+

Top non-repeatable levels by time:
     D:4: 2215 daAuts
     D:1: 1968 daAuts
     D:3: 1054 daAuts
     D:5: 845 daAuts
     D:2: 774 daAuts
     D:6: 586 daAuts
     D:7: 192 daAuts
  Temple: 10 daAuts
